 Dungeon Crawl Stone Soup version 0.31-a0-1581-g41d5ff3e7b (webtiles) character file.

Game seed: 14214419608251983531

1858 NoAnimeNoLife the Cleaver (level 9, -1/86 HPs)
             Began as a Hill Orc Fighter on Jan 5, 2024.
             Slain by a two-headed ogre
             ... wielding a +0 giant club
              (13 damage)
             ... on level 7 of the Dungeon.
             The game lasted 00:03:40 (6020 turns).

NoAnimeNoLife the Cleaver (Hill Orc Fighter)        Turns: 6020, Time: 00:03:41

Health: -1/86      AC: 18    Str: 23    XL:     9   Next: 13%
Magic:  9/9        EV:  5    Int:  8    God:
Gold:   384        SH: 10    Dex: 10    Spells: 8/8 levels left

rFire   . . .        a - +0 war axe
rCold   . . .        D - +2 kite shield
rNeg    . . .        v - +0 plate armour
rPois   .            r - +1 hat
rElec   .            q - +2 cloak
rCorr   .            u - +1 pair of gloves
SInv    .            e - +0 pair of boots
Will    .....        (no amulet) Stlth
                     (no ring)
HPRegen 0.34/turn    (no ring)
MPRegen 0.11/turn

%: no passive effects
@: no status effects
A: no striking features
a: no special abilities


You were on level 7 of the Dungeon.
You visited 1 branch of the dungeon, and saw 7 of its levels.

You collected 384 gold pieces.

Inventory:

Hand Weapons
 a - a +0 war axe (weapon)
Missiles
 y - 2 throwing nets
Armour
 b - a +0 scale mail
 c - a +0 buckler
 e - a +0 pair of boots (worn)
 q - a +2 cloak (worn)
 r - a +1 hat (worn)
 u - a +1 pair of gloves (worn)
 v - a +0 plate armour (worn)
 D - a +2 kite shield (worn)
Jewellery
 C - a +6 ring of intelligence
Wands
 d - a wand of flame (17)
 w - a wand of charming (11)
Scrolls
 g - 2 scrolls of teleportation {@r2}
 h - a scroll of silence
 t - 3 scrolls of identify {@r1}
 x - a scroll of enchant armour
 A - a scroll of brand weapon {unknown}
 B - a scroll of fog
Potions
 f - a potion of heal wounds {unknown}
 i - 3 potions of degeneration {unknown}
 j - a potion of magic {unknown}
 k - 2 potions of resistance {unknown}
 l - 2 potions of might {@q3}
 m - 2 potions of lignification {unknown}
 n - 2 potions of attraction {unknown}
 o - 3 potions of enlightenment {unknown}
 p - 2 potions of mutation {unknown}
 s - a potion of ambrosia {unknown}
 z - a potion of haste {unknown}


   Skills:
 - Level 10.4 Fighting
 - Level 10.9 Axes
 - Level 3.2 Armour
 + Level 3.2 Shields


You had 8 spell levels left.
You didn't know any spells.
Your spell library contained the following spells:

 Spells                   Type           Power      Damage    Failure   Level
 Apportation              Tloc           0%         N/A       100%        1
 Magic Dart               Conj           0%         1d3       100%        1
 Necrotise                Necr           0%         1d4       100%        1
 Sting                    Conj/Alch      0%         1d3       100%        1
 Summon Small Mammal      Summ           0%         N/A       100%        1
 Blink                    Tloc           0%         N/A       100%        2
 Lesser Beckoning         Tloc           0%         N/A       100%        2
 Momentum Strike          Conj/Tloc      0%         3d8       100%        2
 Searing Ray              Conj           0%         2d4       100%        2
 Anguish                  Hex/Necr       0%         N/A       100%        4
 Cause Fear               Hex            0%         N/A       100%        4
 Fulminant Prism          Conj/Alch      0%         3d5       100%        4
 Enfeeble                 Hex            0%         N/A       100%        7


Dungeon Overview and Level Annotations

Branches:
Dungeon (7/15)             Temple (0/1) D:6

Altars:
Hepliaklqana
Xom
Lugonu

Portals:
Abyss: D:3

Annotations:
D:2 Natasha
D:3 2 runed translucent doors


Message History

You hit the two-headed ogre.
The two-headed ogre is lightly wounded.
The two-headed ogre hits you but does no damage. x2
You hit the two-headed ogre.
The two-headed ogre is moderately wounded.
The two-headed ogre hits you with a +0 giant club! x2
You barely miss the two-headed ogre.
The two-headed ogre is moderately wounded.
You slash the two-headed ogre!
The two-headed ogre is heavily wounded.
You block the two-headed ogre's attack.
The two-headed ogre hits you with a +0 giant club.
You slash the two-headed ogre!
The two-headed ogre is severely wounded.
The two-headed ogre hits you with a +0 giant club!!
* * * LOW HITPOINT WARNING * * *
You block the two-headed ogre's attack.
You are too injured to fight recklessly!
You slash the two-headed ogre!
The two-headed ogre is almost dead.
The two-headed ogre barely misses you. You block the two-headed ogre's attack.
You barely miss the two-headed ogre.
The two-headed ogre is almost dead.
You hit the two-headed ogre but do no damage.
The two-headed ogre is almost dead.
The two-headed ogre closely misses you.
The two-headed ogre hits you with a +0 giant club.
* * * LOW HITPOINT WARNING * * *
You hit the two-headed ogre but do no damage.
The two-headed ogre is almost dead.
The two-headed ogre closely misses you.
The two-headed ogre hits you with a +0 giant club!
* * * LOW HITPOINT WARNING * * *
You barely miss the two-headed ogre.
The two-headed ogre is almost dead.
You hit the two-headed ogre.
The two-headed ogre is almost dead.
You block the two-headed ogre's attack.
The two-headed ogre hits you with a +0 giant club!
You die...

#### #....
#....######
+.........####.
#.....O........
#.....#@.#
#........#
#......#.########
#................
#.....#..#########
#####>...........#
#........#######.#
#.######.# #.#


You could see a two-headed ogre.

Vanquished Creatures
  Grinder (D:3)
  A water moccasin (D:5)
  Duvessa (D:5)
  A black bear (D:5)
  An ogre (D:6)
  A bullfrog (D:6)
  A gnoll sergeant (D:7)
  3 scorpions
  3 wights (D:6)
  Dowan (D:5)
  4 bombardier beetles
  2 hounds (D:6)
  3 jellies
  Natasha (D:2)
  3 iguanas
  2 orc wizards (D:6)
  A sleepcap (D:6)
  Robin (D:3)
  9 gnolls
  7 adders
  A white imp (D:6)
  2 ufetubi (D:5)
  2 ribbon worms
  2 dart slugs (D:1)
  11 orcs
  6 bats
  6 endoplasms
  6 giant cockroaches
  14 goblins
  11 hobgoblins
  7 jackals
  7 quokkas
  9 ball pythons
  6 frilled lizards
  6 kobolds
  3 rats
146 creatures vanquished.

Notes
Turn   | Place    | Note
-------+----------+-------------------------------------------
     0 | D:1      | NoAnimeNoLife the Hill Orc Fighter began the quest for the
                  | Orb.
     0 | D:1      | Reached XP level 1. HP: 19/19 MP: 1/1
   143 | D:1      | Reached XP level 2. HP: 15/27 MP: 2/2
   316 | D:1      | Reached XP level 3. HP: 32/34 MP: 3/3
  1002 | D:1      | Reached XP level 4. HP: 11/41 MP: 4/4
  1219 | D:2      | Reached skill level 5 in Fighting
  1435 | D:2      | Identified the +12 sling of Iconoclasm {antimagic, Fly rC+
                  | Dex+4}
  1625 | D:2      | Reached skill level 5 in Axes
  1625 | D:2      | Reached XP level 5. HP: 41/48 MP: 5/5
  2150 | D:2      | Noticed Natasha
  2158 | D:2      | Killed Natasha
  2328 | D:2      | Noticed Natasha
  2354 | D:3      | Found a large runed translucent door.
  2354 | D:3      | Found a large runed translucent door.
  2365 | D:3      | Found a corrupted altar of Lugonu.
  2506 | D:3      | Noticed Robin
  2518 | D:3      | Killed Robin
  2591 | D:3      | Reached XP level 6. HP: 55/57 MP: 6/6
  2706 | D:3      | Noticed Grinder
  2721 | D:3      | Paralysed by Grinder for 2 turns
  2729 | D:3      | Paralysed by Grinder for 2 turns
  2734 | D:3      | Paralysed by Grinder for 3 turns
  2741 | D:3      | Killed Grinder
  2742 | D:3      | Reached XP level 7. HP: 33/66 MP: 7/7
  2956 | D:3      | Identified the +8 long sword of the Black Skies {freeze,
                  | Will+ Dex+3}
  2958 | D:3      | Found a one-way gate to the infinite horrors of the Abyss.
  3159 | D:3      | Found a hazy altar of Hepliaklqana.
  3160 | D:3      | Found a shimmering altar of Xom.
  3161 | D:3      | Noticed a spectral ugly thing
  4065 | D:5      | Entered Level 5 of the Dungeon
  4399 | D:5      | Noticed Dowan
  4400 | D:5      | Noticed Duvessa
  4403 | D:5      | Killed Duvessa
  4404 | D:5      | Reached XP level 8. HP: 66/75 MP: 8/8
  4410 | D:5      | Killed Dowan
  5202 | D:6      | Reached skill level 10 in Axes
  5547 | D:6      | Reached skill level 10 in Fighting
  5552 | D:6      | Reached XP level 9. HP: 84/85 MP: 9/9
  5565 | D:6      | Found a staircase to the Ecumenical Temple.
  6003 | D:7      | Noticed a two-headed ogre
  6020 | D:7      | Slain by a two-headed ogre

Illustrated notes

Levels and vault maps discovered:
D:1:      dpeg_arrival_arbitrary_a, layout_basic, st_stairs_12, minivault_26,
          nicolae_grassy_gnolls
D:2:      layout_basic, uniq_natasha
D:3:      due_chaos_kobolds, layout_loops_ring, regret_index_temple_of_mockery,
          uniq_grinder, uniq_robin
D:4:      layout_loops_ring, hangedman_decor_lopped
D:5:      layout_gridville, uniq_duvessa
D:6:      layout_loops_corners, minmay_temple_entry_nine_rooms
D:7:      layout_basic, nicolae_ossuary_entry_monument

Skill      XL: |  1  2  3  4  5  6  7  8 |
---------------+-------------------------+-----
Axes           | 3 4 5 7 8 10 | 10.9
Fighting       | 4 5 6 7 8 10 | 10.4
Armour         | |  3.2
Shields        | |  3.2

Action                     |  1- 3 |  4- 6 |  7- 9 || total
---------------------------+-------+-------+-------++-------
  Melee: War axe           |    80 |   157 |   248 ||   485
    Use: Potion            |       |     2 |       ||     2
         Scroll            |       |     5 |     2 ||     7
 Armour: Scale mail        |    60 |   116 |    39 ||   215
         Plate armour      |       |       |   178 ||   178
  Dodge: Dodged            |    45 |    73 |    55 ||   173
  Block: Buckler           |    29 |    29 |    47 ||   105
         Kite shield       |       |       |     4 ||     4

Table legend: (Time is in decaauts)
 A = Elapsed time spent in this place.
 B = Non-inter-level travel time spent in this place.
 C = Inter-level travel time spent in this place.
 D = Time resting spent in this place.
 E = Time spent auto-exploring this place.
 F = Levels seen in this place.
 G = Mean time per level.
                   A        B        C        D        E       F      G
               +--------+--------+--------+--------+--------+-----+--------+
         Total |   6110 |   5846 |    264 |    348 |   4357 |   7 |  872.9 |
       Dungeon |   6110 |   5846 |    264 |    348 |   4357 |   7 |  872.9 |
               +--------+--------+--------+--------+--------+-----+--------+

Top non-repeatable levels by time:
     D:1: 1236 daAuts
     D:6: 1152 daAuts
     D:2: 1144 daAuts
     D:3: 961 daAuts
     D:4: 804 daAuts
     D:5: 722 daAuts
     D:7: 88 daAuts
